 Dungeon Crawl Stone Soup version 0.20.0-14-g326068f (webtiles) character file.

90 Ios the Vexing (level 4, -5/21 HPs)
             Began as a Spriggan Enchanter on June 9, 2017.
             Slain by Grinder (6 damage)
             ... on level 3 of the Dungeon.
             The game lasted 00:07:30 (3780 turns).

Ios the Vexing (Spriggan Enchanter)                 Turns: 3780, Time: 00:07:30

Health: -5/21      AC:  3    Str:  4    XL:     4   Next: 32%
Magic:  5/11       EV: 18    Int: 17    God:
Gold:   91         SH:  0    Dex: 16    Spells: 2/11 levels left

rFire    . . .     SeeInvis +   a - +1 dagger
rCold    . . .     Gourm    .   (shield restricted)
rNeg     . . .     Faith    .   b - +1 robe
rPois    .         Spirit   .   (helmet restricted)
rElec    .         Reflect  .   (no cloak)
rCorr    .         Harm     .   (gloves unavailable)
MR       .....                  (boots unavailable)
Stlth    +++.......             (no amulet)
Regen    0.1/turn               (no ring)
MPRegen  0.2/turn               (no ring)

@: very quick
A: unfitting armour, see invisible, herbivore 3, speed 3, slow metabolism 2
a: no special abilities


You were on level 3 of the Dungeon.
You were hungry.

You visited 1 branch of the dungeon, and saw 3 of its levels.

You collected 91 gold pieces.

Inventory:

Hand Weapons
 a - a +1 dagger (weapon)
 f - a +0 lajatang
Armour
 b - a +1 robe (worn)
Potions
 g - 2 potions of lignification
 h - a potion of heal wounds
 k - a potion of curing
Books
 c - a book of Maledictions

   Spells                             Type                      Level
   a - Corona                         Hexes                        1
   b - Ensorcelled Hibernation        Hexes/Ice                    2
   c - Confuse                        Hexes                        3
   d - Tukima's Dance                 Hexes                        3
   e - Dazzling Spray                 Conjuration/Hexes            3
Comestibles
 d - 5 bread rations


   Skills:
 - Level 1.1 Short Blades
 - Level 3.0 Dodging
 + Level 4.5 Stealth
 - Level 4.4 Spellcasting
 - Level 5.0 Hexes


You had 2 spell levels left.
You knew the following spells:

 Your Spells              Type           Power        Failure   Level  Hunger
a - Ensorcelled Hibernat  Hex/Ice        ##....       9%          2    ##.....
b - Corona                Hex            ###....      1%          1    None
c - Confuse               Hex            ###.....     5%          3    ###....
d - Tukima's Dance        Hex            ###.....     5%          3    ###....


Dungeon Overview and Level Annotations

Branches:
Dungeon (3/15)

Altars:
Qazlal

Annotations:
D:3 Grinder


Innate Abilities, Weirdness & Mutations

You are very small and have problems with some larger weapons.
You are too small for most types of armour.
You have supernaturally acute eyesight. (SInv)
You are a herbivore.
You cover ground extremely quickly.
You need consume almost no food.


Message History

Grinder gestures at you. Pain shoots through your body!
Ouch! That really hurt!
Casting: Ensorcelled Hibernation
Confirm with . or Enter, or press ? or * to list all spells.
Aiming: Confuse
Press: ? - help, Shift-Dir - straight line, f - Grinder
Aim: Grinder (chance to defeat MR: 50%) Grinder resists with some effort.
Casting: Confuse
Confirm with . or Enter, or press ? or * to list all spells.
Aiming: Confuse
Press: ? - help, Shift-Dir - straight line, f/p - Grinder
Aim: Grinder (chance to defeat MR: 50%) Grinder appears confused.
You are feeling hungry.
Grinder hits you.
* * * LOW HITPOINT WARNING * * *
You writhe in agony.
You die...

#.# #.#
#.# #.#
#.# #.#
#.#
#.#####.#
#..5@...#
#########


You could see Grinder (confused).

Vanquished Creatures
  A gnoll (D:1)
  2 adders (D:2)
  2 dart slugs
  A leopard gecko (D:2)
  7 bats
  2 giant cockroaches
  7 goblins
  6 hobgoblins
  7 jackals
  9 kobolds
  7 rats
51 creatures vanquished.

Notes
Turn   | Place    | Note
-------+----------+-------------------------------------------
     0 | D:1      | Ios the Spriggan Enchanter began the quest for the Orb.
     0 | D:1      | Reached XP level 1. HP: 9/9 MP: 5/5
   465 | D:2      | Reached skill level 4 in Hexes
   465 | D:2      | Reached XP level 2. HP: 12/13 MP: 5/7
   567 | D:2      | Learned a level 2 spell: Ensorcelled Hibernation
  1252 | D:1      | Reached XP level 3. HP: 15/16 MP: 9/9
  1257 | D:1      | Learned a level 3 spell: Confuse
  1261 | D:1      | Learned a level 3 spell: Tukima's Dance
  2998 | D:2      | Found a stormy altar of Qazlal.
  3019 | D:2      | Reached XP level 4. HP: 13/21 MP: 2/11
  3543 | D:2      | Reached skill level 5 in Hexes
  3775 | D:3      | Noticed Grinder
  3780 | D:3      | HP: 1/21 [Grinder (6)]
  3780 | D:3      | Slain by Grinder

Skill      XL: |  1  2  3  4 |
---------------+-------------+-----
Spellcasting   | 3 4 |  4.4
Hexes          | 4 5 |  5.0
Short Blades   | |  1.1
Dodging        | |  3.0
Stealth        | |  4.5

Action                   |  1- 3 |  4- 6 || total
-------------------------+-------+-------++-------
Melee: Dagger            |   153 |    47 ||   200
 Cast: Corona            |     6 |       ||     6
       Ensorcelled Hiber |    31 |     9 ||    40
       Confuse           |       |     2 ||     2
  Use: Scroll            |     7 |     1 ||     8
 Stab: Sleeping          |    17 |     6 ||    23
  Eat: Royal jelly       |     1 |       ||     1
Armor: Robe              |    16 |     2 ||    18
Dodge: Dodged            |   116 |    61 ||   177
